 Dungeon Crawl Stone Soup version 0.31.0-12-g77e489cdc1 (webtiles) character file.

Game seed: 10244113680046270546

3329 Silvore the Basher (level 9, -12/81 HPs)
             Began as a Minotaur Fighter on Feb 23, 2024.
             Was a Believer of the Shining One.
             Mangled by an orc warrior
             ... wielding a +0 war axe
              (16 damage)
             ... in a bailey.
             The game lasted 00:07:29 (6605 turns).

Silvore the Basher (Minotaur Fighter)               Turns: 6605, Time: 00:07:29

Health: -12/81     AC: 14    Str: 26    XL:     9   Next: 71%
Magic:  8/8        EV:  9    Int:  5    God:    the Shining One [**....]
Gold:   236        SH:  5    Dex:  9    Spells: 8/8 levels left

rFire   + . .        p - +4 flail
rCold   . . .        c - +0 buckler
rNeg    + . .        e - +0 chain mail
rPois   .            (helmet restricted)
rElec   .            f - +2 cloak
rCorr   .            (no gloves)
SInv    +            (no boots)
Will    .....        (no amulet) Stlth
                     j - ring of see invisible
HPRegen 0.33/turn    o - ring of protection from fire
MPRegen 0.11/turn

%: no passive effects
@: glowing
A: horns 2, retaliatory headbutt
a: Renounce Religion, Divine Shield


You were in a bailey.
You worshipped the Shining One.
The Shining One was pleased with you.
You visited 2 branches of the dungeon, and saw 9 of its levels.
You also visited: Sewer and Bailey.

You collected 491 gold pieces.
You donated 255 gold pieces to Zin.

Inventory:

Hand Weapons
 a - a +0 flail
 p - a +4 flail (weapon)
Armour
 b - a +0 scale mail
 c - a +0 buckler (worn)
 e - a +0 chain mail (worn)
 f - a +2 cloak (worn)
Jewellery
 j - a ring of see invisible (left hand)
 m - a ring of resist corrosion
 o - a ring of protection from fire (right hand)
 v - an amulet of magic regeneration
 x - a ring of protection from cold
Wands
 d - a wand of flame (30)
 k - a wand of charming (12)
 w - a wand of roots (10)
Scrolls
 l - 2 scrolls of vulnerability
 s - a scroll of poison
 z - a scroll of teleportation
Potions
 g - 2 potions of magic
 i - 5 potions of haste
 n - a potion of curing
 q - a potion of berserk rage
 r - a potion of mutation
 u - a potion of invisibility {unknown}
Miscellaneous
 y - a box of beasts


   Skills:
 + Level 7.8 Fighting
 + Level 10.5 Maces & Flails
 + Level 8.8 Armour
 + Level 3.5 Dodging
 + Level 1.7 Stealth
 + Level 6.5 Shields
 + Level 0.7 Invocations


You had 8 spell levels left.
You didn't know any spells.
Your spell library contained the following spells:

 Spells                   Type           Power      Damage    Failure   Level
 Blink                    Tloc           0%         N/A       98%         2
 Ensorcelled Hibernation  Hex/Ice        0%         N/A       98%         2
 Lesser Beckoning         Tloc           0%         N/A       98%         2
 Momentum Strike          Conj/Tloc      0%         3d8       98%         2
 Fugue of the Fallen      Necr           0%         N/A       100%        3
 Gell's Gravitas          Tloc           0%         N/A       100%        3
 Teleport Other           Tloc           0%         N/A       100%        3
 Anguish                  Hex/Necr       0%         N/A       100%        4
 Dispersal                Tloc           0%         N/A       100%        6


Dungeon Overview and Level Annotations

Branches:
Dungeon (8/15)             Temple (1/1) D:4           Sewer (visited)
 Bailey (1/1)
   Lair: D:8-11

Altars:
Ashenzari
Cheibriados
Dithmenos
Elyvilon
Fedhas
Gozag
Hepliaklqana
Kikubaaqudgha
Nemelex Xobeh
Okawaru
Qazlal
Ru
Sif Muna
Uskayaw
Xom
Yredelemnul
Zin
The Shining One


Innate Abilities, Weirdness & Mutations

You have a pair of horns on your head.
You reflexively headbutt those who attack you in melee.


Message History

You thump the orc knight!
The orc knight is moderately wounded.
You barely miss the orc warrior. Your headbutt misses the orc warrior.
The orc knight hits you but does no damage.
The orc warrior closely misses you.
You barely miss the orc warrior.
The orc knight roars a battlecry!
The orc warrior goes into a battle-frenzy!
The orc warrior hits you with a +0 war axe!
You hit the orc knight.
The orc knight is moderately wounded.
The orc knight closely misses you.
The orc warrior hits you with a +0 war axe!
Unknown command.
You sock the orc knight! Your headbutt misses the orc knight.
The orc knight is heavily wounded.
The orc knight hits you with a +0 battleaxe!!
The orc warrior hits you with a +0 war axe.
The orc knight hits you with a +0 battleaxe!
Unknown command.
You feel much better. You block the orc warrior's attack.
The orc knight hits you with a +0 battleaxe!
You hit the orc knight. Your headbutt misses the orc knight.
The orc knight is heavily wounded.
The orc warrior hits you with a +0 war axe!
* * * LOW HITPOINT WARNING * * *
The orc knight hits you with a +0 battleaxe!!
* * * LOW HITPOINT WARNING * * *
Unknown command.
You sock the orc knight! Your headbutt misses the orc knight.
The orc knight is severely wounded.
The orc warrior closely misses you. You furiously retaliate!
You headbutt the orc warrior!
The orc knight hits you with a +0 battleaxe!!
The Shining One protects you from harm!
Unknown command.
You thump the orc knight!
The orc knight is almost dead.
The orc warrior hits you with a +0 war axe!
You die...

##### #########
+...og#o@.....#
#...gggo8.8.8.# ≈≈≈≈
###########...######≈≈≈≈≈
#...)..#.~≈≈≈≈≈
#...)..#.~≈≈≈≈.
#####''#.~≈≈≈≈.
#.....#.~≈≈≈≈.
#.....'.......
#..⌠.)).......


You could see an orc knight, an orc warrior (strong), 2 gnolls and a hobgoblin.

Vanquished Creatures
  Jeremiah (D:7)
  Sigmund (D:2)
  A wraith (D:7)
  A yak (D:8)
  A wyvern (D:8)
  Menkaure (D:6)
  Pargi (Sewer)
  2 orc warriors (Bailey)
  A sky beast (D:6)
  2 ice beasts
  2 ogres
  2 black bears (D:6)
  A centaur (D:6)
  A phantom (D:5)
  A brain worm (Sewer)
  2 bullfrogs (D:7)
  2 scorpions (D:5)
  A wight (D:8)
  A howler monkey (D:6)
  An electric eel (Bailey)
  2 bombardier beetles
  3 jellies
  5 hounds
  3 orc priests
  A gnoll bouda (D:7)
  3 sleepcaps
  Terence (D:2)
  8 gnolls
  7 adders
  A river rat (D:3)
  A white imp (D:7)
  A ribbon worm (D:4)
  32 orcs
  3 ball pythons
  5 endoplasms
  4 giant cockroaches
  8 hobgoblins
  6 kobolds
  3 quokkas
  10 bats
  2 frilled lizards
  11 goblins
  A rat (D:2)
147 creatures vanquished.

Notes
Turn   | Place    | Note
-------+----------+-------------------------------------------
     0 | D:1      | Silvore the Minotaur Fighter began the quest for the Orb.
     0 | D:1      | Reached XP level 1. HP: 19/19 MP: 0/0
   466 | D:1      | Reached XP level 2. HP: 27/27 MP: 1/1
   736 | D:2      | Found a faded altar of an unknown god.
  1060 | D:2      | Noticed Sigmund
  1083 | D:2      | Killed Sigmund
  1084 | D:2      | Reached skill level 4 in Maces & Flails
  1084 | D:2      | Reached skill level 5 in Armour
  1084 | D:2      | Reached XP level 3. HP: 11/34 MP: 2/2
  1084 | D:2      | Reached XP level 4. HP: 13/41 MP: 3/3
  1084 | D:2      | Reached XP level 5. HP: 15/47 MP: 4/4
  1435 | D:2      | Noticed Terence
  1438 | D:2      | Killed Terence
  1439 | D:2      | Reached skill level 1 in Stealth
  1488 | D:2      | Found a shadowy altar of Dithmenos.
  1799 | D:3      | Found a shimmering blue altar of Sif Muna.
  1807 | D:3      | Reached XP level 6. HP: 24/55 MP: 5/5
  1813 | D:3      | Found a sparkling altar of Nemelex Xobeh.
  1968 | D:3      | Found a glowing drain.
  1989 | Sewer    | Entered a sewer
  2033 | Sewer    | Noticed Pargi
  2044 | Sewer    | Killed Pargi
  2045 | Sewer    | Reached skill level 5 in Fighting
  2045 | Sewer    | Reached skill level 5 in Maces & Flails
  2045 | Sewer    | Reached skill level 5 in Shields
  2679 | D:4      | Reached skill level 1 in Dodging
  2679 | D:4      | Reached XP level 7. HP: 53/61 MP: 6/6
  3121 | D:4      | Found a staircase to the Ecumenical Temple.
  3137 | Temple   | Entered the Ecumenical Temple
  3158 | Temple   | Became a worshipper of Zin the Law-Giver
  3158 | Temple   | Reached * piety under Zin
  3509 | D:5      | Entered Level 5 of the Dungeon
  3525 | D:5      | Reached skill level 6 in Maces & Flails
  3652 | D:5      | Reached ** piety under Zin
  3957 | D:5      | Reached skill level 7 in Maces & Flails
  3957 | D:5      | Reached XP level 8. HP: 51/70 MP: 7/7
  4499 | D:6      | Reached *** piety under Zin
  4723 | D:6      | Reached skill level 8 in Maces & Flails
  4802 | D:6      | Noticed Menkaure
  4810 | D:6      | Killed Menkaure
  5312 | D:7      | Reached skill level 9 in Maces & Flails
  5312 | D:7      | Reached XP level 9. HP: 78/78 MP: 8/8
  5504 | D:7      | Donated 208 gold pieces to Zin
  5507 | D:7      | Reached **** piety under Zin
  5771 | D:7      | Noticed Jeremiah
  5939 | Temple   | Fell from the grace of Zin
  5939 | Temple   | Became a worshipper of the Shining One
  5939 | Temple   | Reached * piety under the Shining One
  5939 | Temple   | Reached ** piety under the Shining One
  6002 | D:7      | Killed Jeremiah
  6065 | D:7      | Reached skill level 10 in Maces & Flails
  6255 | D:8      | Found a flagged portal.
  6266 | Bailey   | Entered a bailey
  6593 | Bailey   | Noticed an orc knight
  6603 | Bailey   | HP: 3/81 [orc knight/+0 battleaxe (20)]
  6604 | Bailey   | The Shining One protects you from harm!
  6605 | Bailey   | Mangled by an orc warrior

Illustrated notes

Levels and vault maps discovered:
D:1:      kilobyte_arrival_exit_the_forest, layout_rooms
D:2:      layout_loops_corners, basic_altar, nicolae_ecumenical_pavilion,
          uniq_sigmund, uniq_terence
D:3:      layout_rooms, jmf_multi_god_temple2, cheibrodos_sewer_entry_sluice,
          columned_hall_lemuel
D:4:      layout_basic, minmay_temple_entry_tees
D:5:      layout_rooms, grunt_decor_junction,
          nicolae_concentric_dashed_squares_wild, minmay_misc_feat_rugged,
          minmay_misc_feat_pillars, hangedman_abyss_or_decor_lesser_grid
D:6:      layout_basic, uniq_menkaure
D:7:      layout_basic, uniq_jeremiah
D:8:      layout_cave_pools, enter_bailey_3, minmay_checkerbox
Temple:   nicolae_temple_bog_church
Bailey:   bailey_axe_of_yendor_kennysheep, bailey

Skill      XL: |  1  2  3  4  5  6  7  8  9 |
---------------+----------------------------+-----
Shields        | 4 5 6 |  6.5
Armour         | 5 6 7 8 |  8.8
Fighting       | 4 5 6 7 |  7.8
Maces & Flails | 4 5 7 9 10 | 10.5
Stealth        | 1 |  1.7
Dodging        | 1 3 |  3.5
Invocations    | |  0.7

Action                     |  1- 3 |  4- 6 |  7- 9 || total
---------------------------+-------+-------+-------++-------
  Melee: Flail             |    34 |    99 |   253 ||   386
         Headbutt          |     6 |    11 |    43 ||    60
 Invoke: Recite            |       |       |     1 ||     1
         Donate Gold       |       |       |     1 ||     1
    Use: Scroll            |     3 |     3 |     9 ||    15
         Potion            |     1 |       |     2 ||     3
 Armour: Chain mail        |    32 |   109 |   225 ||   366
         Scale mail        |     1 |       |       ||     1
  Dodge: Dodged            |    15 |    40 |   122 ||   177
  Block: Buckler           |    10 |    32 |    47 ||    89
